 Dungeon Crawl Stone Soup version 0.18-a0-270-ga9d907f (webtiles) character file.

1624 Raultor the Skirmisher (level 8, -10/75 HPs)
             Began as a Naga Fighter on Nov 26, 2015.
             Was a Believer of Makhleb.
             Killed from afar by an electric eel (13 damage)
             ... with a bolt of electricity
             ... on level 6 of the Dungeon.
             The game lasted 00:19:55 (6770 turns).

Raultor the Skirmisher (Naga Fighter)               Turns: 6770, Time: 00:19:55

Health: -10/75     AC:  7    Str: 18    XL:     8   Next: 97%
Magic:  0/8        EV: 10    Int:  9    God:    Makhleb [**....]
Gold:   309        SH: 11    Dex: 13    Spells: 0 memorised, 7 levels left

rFire  . . .     SeeInvis +     a - +0 long sword
rCold  . . .     Clarity  .     v - +0 ring mail
rNeg   . . .     SustAt   +     q - +2 shield
rPois  +         Gourm    .     (no helmet)
rElec  .         Spirit   +     D - +0 cloak
rCorr  .         Warding  .     (no gloves)
rMut   .         Stasis   .     (no barding)
MR     +....                    r - amulet of guardian spirit
Stlth  +.........               y - ring of sustain attributes
                                w - +2 ring of evasion

@: very slow, somewhat resistant to hostile enchantments, very unstealthy
A: see invisible, deformed body, poison resistance, slowness 2, slow metabolism
1, spit poison 2, AC +2
a: Spit Poison, Minor Destruction, Renounce Religion


You were on level 6 of the Dungeon.
You worshipped Makhleb.
Makhleb was pleased with you.
You were not hungry.

You visited 1 branch of the dungeon, and saw 6 of its levels.

You collected 309 gold pieces.

Inventory:

Hand Weapons
 a - a +0 long sword (weapon)
Armour
 q - a +2 shield (worn)
 v - a +0 ring mail (worn)
 D - a +0 cloak (worn)
Jewellery
 r - an amulet of guardian spirit (around neck)
 w - a +2 ring of evasion (left hand)
 y - a ring of sustain attributes (right hand)
Wands
 s - a wand of polymorph (10)
 A - a wand of magic darts (16)
Scrolls
 c - 2 scrolls of enchant weapon {unknown}
 h - 3 scrolls of teleportation
 k - 3 scrolls of recharging
 m - 4 scrolls of identify
 n - 2 scrolls of magic mapping {unknown}
 p - 5 scrolls of remove curse
 t - 2 scrolls of immolation {unknown}
 u - 2 scrolls of amnesia
 x - a scroll of blinking {unknown}
 B - a scroll of enchant armour
Potions
 d - 2 potions of agility {unknown}
 f - 6 potions of curing
 i - a potion of magic {unknown}
 l - 2 potions of brilliance {unknown}
 z - a potion of haste {unknown}
Comestibles
 b - a slice of pizza
 e - 2 bread rations
 g - a royal jelly
 j - a meat ration
 o - 4 beef jerkies
 C - 10 chunks of flesh


   Skills:
 + Level 5.4 Fighting
 * Level 5.4 Long Blades
 + Level 4.9 Armour
 + Level 3.5 Dodging
 - Level 0.4 Stealth
 + Level 4.9 Shields


You had 7 spell levels left.
You didn't know any spells.

Dungeon Overview and Level Annotations

Branches:
Dungeon (6/15)
 Temple: D:4-7

Altars:
Gozag
Makhleb
Nemelex Xobeh
Qazlal
Trog
Yredelemnul
The Shining One

Shops:
D:6 %

Annotations:
D:6 Rayvis's ghost, novice FeFi


Innate Abilities, Weirdness & Mutations

You cannot wear boots.
Your serpentine skin is tough (AC +2).
You have supernaturally acute eyesight.
Armour fits poorly on your strangely shaped body.
Your system is resistant to poisons.
You cover ground very slowly.
You have a slow metabolism.
You can spit poison.


Message History

You miss the electric eel.
You hit the electric eel but do no damage.
You miss the electric eel. You barely miss the electric eel.
The electric eel shoots out a bolt of lightning at you!
The bolt of electricity hits you!
* * * LOW HITPOINT WARNING * * *
You closely miss the electric eel.
The electric eel shoots out a bolt of lightning at you!
The bolt of electricity hits you!
* * * LOW HITPOINT WARNING * * *
You barely miss the electric eel.
The electric eel shoots out a bolt of lightning at you!
The bolt of electricity hits you!
* * * LOW HITPOINT WARNING * * *
You miss the electric eel. You miss the electric eel.
The electric eel shoots out a bolt of lightning at you!
The bolt of electricity hits you!
You die...

..####.###♣≈≈≈.≈PP≈#
..####'###♣PP≈.≈≈≈♣#
.(##.....##≈♣P.≈≈≈♣
..##.....##≈♣≈.≈≈≈#
..##.....##♣♣P.≈≈♣#
[...÷....# ♣♣≈.≈P≈#
.........# ♣≈≈.≈≈≈♣
.........# ♣≈≈.≈≈≈♣
#########.≈♣≈≈.≈@P♣
.♣♣≈P.P≈;♣
#..≈♣≈.P≈P≈♣
#...♣≈.≈≈≈≈≈≈≈
#....≈.≈≈≈≈≈≈≈≈
####............
##### #...≈≈≈≈≈≈≈≈≈
.##.##+##
##P≈≈≈≈≈≈≈≈≈≈
.##.....# #≈≈≈≈≈≈≈≈P


You could see an electric eel.

Vanquished Creatures
  Edmund (D:6)
  A water moccasin (D:6)
  2 sky beasts
  A phantom (D:4)
  A necrophage (D:4)
  2 ogres (D:5)
  A scorpion (D:4)
  A jelly (D:6)
  A crimson imp (D:5)
  A gnoll shaman (D:6)
  3 orc priests
  4 orc wizards
  A giant frog skeleton (D:6)
  2 hounds
  4 worker ants
  2 iguanas (D:4)
  9 gnolls
  4 adders
  An ooze (D:2)
  5 worms
  6 giant geckos
  14 orcs
  14 bats
  9 giant cockroaches
  6 goblins
  11 hobgoblins
  12 jackals
  12 kobolds
  A quokka (D:6)
  5 giant newts
  2 quokka zombies
  13 rats
152 creatures vanquished.

Notes
Turn   | Place    | Note
--------------------------------------------------------------
     0 | D:1      | Raultor the Naga Fighter began the quest for the Orb.
     0 | D:1      | Reached XP level 1. HP: 21/21 MP: 1/1
   111 | D:1      | Reached XP level 2. HP: 9/28 MP: 2/2
   854 | D:1      | Reached XP level 3. HP: 24/34 MP: 3/3
  1372 | D:2      | Found a sparkling altar of Nemelex Xobeh.
  1609 | D:2      | Reached XP level 4. HP: 20/43 MP: 4/4
  2320 | D:2      | Reached skill level 1 in Dodging
  2503 | D:3      | Found a stormy altar of Qazlal.
  2568 | D:3      | Reached XP level 5. HP: 47/50 MP: 3/5
  2585 | D:3      | Found a burning altar of Makhleb.
  2615 | D:3      | Became a worshipper of Makhleb the Destroyer
  3349 | D:4      | Reached XP level 6. HP: 28/57 MP: 4/6
  3692 | D:4      | Found a basalt altar of Yredelemnul.
  3736 | D:4      | Reached * piety under Makhleb
  3789 | D:4      | Found a glowing golden altar of the Shining One.
  3847 | D:4      | Noticed an angel
  4092 | D:4      | Reached skill level 4 in Fighting
  4110 | D:4      | Reached XP level 7. HP: 28/64 MP: 5/7
  4354 | D:4      | Found an opulent altar of Gozag.
  4779 | D:5      | Entered Level 5 of the Dungeon
  4931 | D:5      | Reached ** piety under Makhleb
  4931 | D:5      | Reached XP level 8. HP: 35/73 MP: 6/8
  5385 | D:5      | Found a basalt altar of Yredelemnul.
  5577 | D:5      | Reached skill level 5 in Fighting
  5705 | D:6      | Found a bloodstained altar of Trog.
  5719 | D:6      | Noticed Edmund
  5742 | D:6      | Killed Edmund
  5755 | D:6      | Noticed Rayvis's ghost (novice FeFi)
  6157 | D:6      | Found Turodet's Food Boutique.
  6467 | D:6      | Reached skill level 5 in Long Blades
  6768 | D:6      | HP: 3/75 [electric eel/bolt of electricity (9)]
  6770 | D:6      | Killed from afar by an electric eel

Vault maps used:
D:1:      saegor_arrival_simple_c
D:2:      nemelex_deck
D:3:      overflow_temple_1_default, lemuel_doored_altar, roderic_lattice_a
D:4:      grunt_temple_overflow_holy_war, nicolae_gozag_seed_capital,
          first_bread, minmay_misc_feat_rugged
D:5:      yredelemnul_altar_generic
D:6:      lemuel_coloured_pillars_altar, kennysheep_little_box,
          minmay_temple_entry_poolview, serial_shops, shop_statue,
          serial_bayou_lagoon_b, uniq_edmund

Action                   |  1- 3 |  4- 6 |  7- 9 || total
-------------------------+-------+-------+-------++-------
Melee: Long sword        |   210 |   260 |   314 ||   784
 Abil: Spit Poison       |     7 |     5 |    16 ||    28
Evoke: Wand              |       |       |     1 ||     1
  Use: Scroll            |     6 |       |     1 ||     7
       Potion            |       |       |     5 ||     5
  Eat: Chunk             |     2 |     7 |     4 ||    13
       Bread ration      |       |       |     1 ||     1
